 Dungeon Crawl Stone Soup version 0.30-a0-777-ga9a30cbeda (webtiles) character file.

Game seed: 10909238382405183260

16 cheesebisquit the Digger (level 2, 15/15 HPs)
             Began as a Gargoyle Earth Elementalist on Feb 12, 2023.
             Quit the game on level 1 of the Dungeon on Feb 13, 2023.
             The game lasted 00:01:59 (357 turns).

cheesebisquit the Digger (GrEE)                      Turns: 357, Time: 00:01:59

Health: 15/15      AC:  4    Str: 11    XL:     2   Next: 58%
Magic:  5/5        EV: 11    Int: 15    God:
Gold:   25         SH:  0    Dex: 10    Spells: 5/6 levels left

rFire   . . .      SeeInvis .    d - +0 club
rCold   . . .      Faith    .    (no shield)
rNeg    + . .      Spirit   .    a - +0 robe
rPois   ∞          Reflect  .    (no helmet)
rElec   +          Harm     .    (no cloak)
rCorr   .          Rampage  .    (no gloves)
Will    .....                    (no boots)
Stlth   ++                       (no amulet)
HPRegen 0.22/turn                (no ring)
MPRegen 0.09/turn                (no ring)

@: no status effects
A: sickness immunity, AC +2, negative energy resistance 1, electricity
resistance, torment resistance 1, petrification resistance
a: no special abilities


You were on level 1 of the Dungeon.
You visited 1 branch of the dungeon, and saw 1 of its levels.

You collected 25 gold pieces.

Inventory:

Hand Weapons
 d - a +0 club (weapon)
Armour
 a - a +0 robe (worn)
Scrolls
 c - a scroll of fog {unknown}
 e - a scroll of torment {unknown}
Potions
 b - a potion of magic


   Skills:
 - Level 1.5 Dodging
 - Level 2.1 Stealth
 + Level 2.5 Spellcasting
 - Level 0.7 Transmutations
 + Level 4.2 Earth Magic


You had 5 spell levels left.
You knew the following spells:

 Your Spells              Type           Power      Damage    Failure   Level
a - Sandblast             Erth           28%        2d8       3%          1

Your spell library contained the following spells:

 Spells                   Type           Power      Damage    Failure   Level
 Passwall                 Tmut/Erth      7%         N/A       12%         2
 Stone Arrow              Conj/Erth      16%        3d8       26%         3
 Petrify                  Tmut/Erth      9%         N/A       58%         4


Dungeon Overview and Level Annotations

Branches:
Dungeon (1/15)

Altars:


Innate Abilities, Weirdness & Mutations

You are immune to sickness and miasma.
Your stone body is resilient. (AC +2)
You are immune to poison.
You resist negative energy. (rN+)
You are resistant to electric shocks. (rElec)
You are resistant to unholy torment.
You are immune to petrification.


Message History

The blast of sand hits the hobgoblin!
You kill the hobgoblin!
The blast of sand hits the giant cockroach.
The giant cockroach is severely wounded.
The giant cockroach bites you but does no damage.
The blast of sand misses the giant cockroach.
The giant cockroach misses you. The ball python closely misses you.
The ball python grabs you. The ball python constricts you.
The giant cockroach bites you but does no damage.
You are out of magic!
You escape the ball python's grasp.
The ball python barely misses you. x2
The giant cockroach waves its antennae.
You closely miss the ball python.
The ball python bites you but does no damage.
The ball python closely misses you. x2; The ball python barely misses you.
You barely miss the ball python. The ball python bites you.
The ball python barely misses you.
You hit the ball python.
You kill the ball python!
The giant cockroach bites you.
You hit the giant cockroach.
You kill the giant cockroach!
HP restored.
Found a hand axe.
A goblin comes into view. It is wielding a +0 dagger.
You can't see any susceptible monsters within range! (Use Z to cast anyway.)
The blast of sand hits the goblin!
You kill the goblin!
Things that are here:
a +0 dagger; a goblin corpse
e - a scroll labelled EMMAEMPIBLAU You see here a +1 dagger of speed.
You see here a +0 robe.
Things that are here:
a +0 club; a goblin skeleton A goblin comes into view.
It is wielding a +0 dagger.
A goblin is nearby!
Welcome back, cheesebisquit the Gargoyle Earth Elementalist.
Press ? for a list of commands and other information.
Are you sure you want to abandon this character and quit the game? (Confirm with "yes".)

.............###..........#..####
###.###...........#..............
#..........#÷..##..............
####'###..............###†#####
#.....#..........#...# #.# #
#.....#.#.###.##.#...###.#####
#..<..#.#............##.......
#.....#.#.###.##.#...........#
#.....#.#.# #@##.#...###.#.#.#
###+###..............# #.#....
...................#.#.#
#.#####.......####.#.#.#
#........ ....#.# #..#..##g
#.###.# #..#..# #. #.# #..#..# #
#.. ###


You could see a goblin (asleep).

Vanquished Creatures
  2 endoplasms (D:1)
  2 giant cockroaches (D:1)
  3 goblins (D:1)
  3 hobgoblins (D:1)
  A quokka (D:1)
  A ball python (D:1)
  A rat (D:1)
13 creatures vanquished.

Notes
Turn   | Place    | Note
-------+----------+-------------------------------------------
     0 | D:1      | cheesebisquit the Gargoyle Earth Elementalist began the
                  | quest for the Orb.
     0 | D:1      | Reached XP level 1. HP: 10/10 MP: 3/3
   170 | D:1      | Reached skill level 4 in Earth Magic
   170 | D:1      | Reached XP level 2. HP: 15/15 MP: 3/5
   357 | D:1      | Upgraded the game from 0.30-a0-772-g5528072125 to
                  | 0.30-a0-777-ga9a30cbeda
   357 | D:1      | Quit the game

Illustrated notes

Levels and vault maps discovered:
D:1:      minmay_arrival_checkered_box, layout_basic, serial_shops, shop

Skill      XL: |  1 |
---------------+----+-----
Earth Magic    | 4 |  4.2
Dodging        | |  1.5
Stealth        | |  2.1
Spellcasting   | |  2.5
Transmutations | |  0.7

Action                     || total
---------------------------++-------
  Melee: Club              ||     4
   Cast: Sandblast         ||    16
 Armour: Robe              ||     3
  Dodge: Dodged            ||     8

Table legend: (Time is in decaauts)
 A = Elapsed time spent in this place.
 B = Non-inter-level travel time spent in this place.
 C = Inter-level travel time spent in this place.
 D = Time resting spent in this place.
 E = Time spent auto-exploring this place.
 F = Levels seen in this place.
 G = Mean time per level.
                   A        B        C        D        E       F      G
               +--------+--------+--------+--------+--------+-----+--------+
         Total |    365 |    365 |      0 |      0 |    291 |   1 |  365.0 |
       Dungeon |    365 |    365 |      0 |      0 |    291 |   1 |  365.0 |
               +--------+--------+--------+--------+--------+-----+--------+

Top non-repeatable levels by time:
     D:1: 365 daAuts
